 Dungeon Crawl Stone Soup version 0.29.0-11-gd7f09526c8 (webtiles) character file.

Game seed: 12261004862854882752

21 Flugkiller the Trooper (level 2, -4/27 HPs)
             Began as a Minotaur Fighter on Sept 4, 2022.
             Slain by a gnoll
             ... wielding a +2 whip of electrocution
              (7 damage)
             ... on level 2 of the Dungeon.
             The game lasted 00:00:20 (876 turns).

Flugkiller the Trooper (Minotaur Fighter)            Turns: 876, Time: 00:00:21

Health: -4/27      AC:  7    Str: 20    XL:     2   Next: 65%
Magic:  1/1        EV:  9    Int:  5    God:
Gold:   23         SH:  4    Dex:  9    Spells: 1/1 levels left

rFire   . . .      SeeInvis .   a - +0 war axe
rCold   . . .      Faith    .   c - +0 buckler
rNeg    . . .      Spirit   .   b - +0 scale mail
rPois   .          Reflect  .   (helmet restricted)
rElec   .          Harm     .   (no cloak)
rCorr   .          Rampage  .   (no gloves)
Will    .....                   (no boots)
Stlth   ..........              (no amulet)
HPRegen 0.09/turn               (no ring)
MPRegen 0.07/turn               (no ring)

@: no status effects
A: horns 2, retaliatory headbutt
a: no special abilities


You were on level 2 of the Dungeon.
You visited 1 branch of the dungeon, and saw 2 of its levels.

You collected 23 gold pieces.

Inventory:

Hand Weapons
 a - a +0 war axe (weapon)
Armour
 b - a +0 scale mail (worn)
 c - a +0 buckler (worn)
Jewellery
 o - a ring of poison resistance
   (You found it on level 1 of the Dungeon)
Scrolls
 f - a scroll of teleportation {unknown}
 g - a scroll of amnesia {unknown}
 h - a scroll of enchant weapon {unknown}
 j - a scroll of vulnerability {unknown}
Potions
 d - 2 potions of might
 i - a potion of invisibility {unknown}
 k - a potion of curing {unknown}
 l - a potion of flight {unknown}


   Skills:
 + Level 4.0 Fighting
 * Level 3.3 Axes
 + Level 4.0 Armour
 - Level 3.6 Shields


You had one spell level left.
You didn't know any spells.
Your spell library was empty.

Dungeon Overview and Level Annotations

Branches:
Dungeon (2/15)

Altars:

Shops:
D:2 (


Innate Abilities, Weirdness & Mutations

You have a pair of horns on your head.
You reflexively headbutt those who attack you in melee.


Message History

You closely miss the quokka. You headbutt the quokka.
The quokka is almost dead.
The quokka bites you but does no damage.
The quokka bites you.
A quokka is nearby!
A quokka is nearby!
A quokka is nearby!
You slash the quokka!
You kill the quokka!
You see here 9 stones.
You see here a +0 dagger.
You see here a +0 dagger.
o - a ring of poison resistance
Found a stone staircase leading down.
k - a purple potion No target in view!
No target in view!
No target in view!
No target in view!
No target in view!
No target in view!
No target in view!
No target in view!
No target in view!
No target in view!
A hobgoblin comes into view.
The hobgoblin shouts!
A hobgoblin is nearby!
A hobgoblin is nearby!
An endoplasm comes into view.
You block the hobgoblin's attack.
The endoplasm quivers.
You hit the hobgoblin but do no damage. You block the hobgoblin's attack.
The hobgoblin closely misses you.
You barely miss the hobgoblin. The hobgoblin hits you.
You slash the hobgoblin!
You kill the hobgoblin!
The endoplasm hits you but does no damage.
You slash the endoplasm!
You kill the endoplasm!
Done exploring.
Done exploring.
Done exploring.
No target in view!
No target in view!
(D) Dungeon
Where to? (? - help)
There is a stone staircase leading down here.
You climb downwards.
Found a glowing grey potion.
There is a stone staircase leading up here.
A bat is nearby!
Unknown command.
A bat is nearby!
A bat is nearby!
A bat is nearby!
You slash the bat!
You kill the bat!
No target in view!
No target in view!
No target in view!
l - a glowing grey potion A ball python comes into view.
A ball python is nearby!
The ball python bites you but does no damage.
The ball python grabs you. The ball python constricts you.
The ball python closely misses you. The ball python constricts you.
You barely miss the ball python.
The ball python bites you but does no damage.
The ball python constricts you.
You hit the ball python.
You kill the ball python!
Your Fighting skill increases to level 4!
Your Armour skill increases to level 4!
No target in view!
No target in view!
No target in view!
HP restored.
Found a stone staircase leading up.
You now have 23 gold pieces (gained 5). 2 gnolls come into view.
The gnoll shouts! x2; You hear a shout!
There are monsters nearby!
A gnoll comes into view.
It is wielding a +2 whip of electrocution.
The gnoll shouts!
Found Nulant's Weapon Shoppe.
The gnoll barely misses you.
You closely miss the gnoll. The gnoll hits you but does no damage.
The gnoll hits you from afar with a +6 halberd.
You closely miss the gnoll.
The gnoll hits you but does no damage. x2
The gnoll hits you from afar with a +6 halberd!
You closely miss the gnoll.
You headbutt the gnoll, but do no damage.
You hit the gnoll but do no damage. The gnoll hits you but does no damage.
The gnoll hits you from afar with a +6 halberd!
* * * LOW HITPOINT WARNING * * *
The air fills with toxic fumes!
As you read the scroll labelled SAV ILUL KOOTI, it crumbles to dust.
It was a scroll of poison.
The gnoll hits you but does no damage.
The gnoll hits you with a +2 whip of electrocution!
You die...

##... §§ ...# §§
#..# §# #..# § §#
#..# §§######§#
#.<# §§§§§§§g§
#..# §##§§§§§###
#..# §§§§§§g@g§#
#..#
§####§§§§§#####..#
#§§§§§§§§§....#
##§§§§§§§§###.#
#§§§§###§# #.#
..§§§§§# #.###.###
.###§#§# #.......#
..
.§§#§§.†.####..# .
......#.#.# ..


You could see 3 gnolls.

Vanquished Creatures
  2 dart slugs (D:1)
  3 ball pythons
  2 endoplasms (D:1)
  A goblin (D:1)
  A hobgoblin (D:1)
  A quokka (D:1)
  3 bats
  A frilled lizard (D:1)
  3 rats (D:1)
17 creatures vanquished.

Notes
Turn   | Place    | Note
-------+----------+-------------------------------------------
     0 | D:1      | Flugkiller the Minotaur Fighter began the quest for the
                  | Orb.
     0 | D:1      | Reached XP level 1. HP: 19/19 MP: 0/0
   112 | D:1      | Found a faded altar of an unknown god.
   189 | D:1      | Reached XP level 2. HP: 27/27 MP: 1/1
   872 | D:2      | Found Nulant's Weapon Shoppe.
   876 | D:2      | Slain by a gnoll

Illustrated notes

Levels and vault maps discovered:
D:1:      dpeg_arrival_three_smaller_balls, layout_loops_ring,
          chequers_ecumenical_altar_simple_redux
D:2:      layout_loops_ring, serial_shops, shop_fountains, hex_tiny

Skill      XL: |  1  2 |
---------------+-------+-----
Axes           | 3 |  3.3
Fighting       | 4 |  4.0
Armour         | 4 |  4.0
Shields        | |  3.6

Action                   || total
-------------------------++-------
Melee: War axe           ||    37
       Headbutt          ||     5
  Use: Scroll            ||     1
Armor: Scale mail        ||    21
Dodge: Dodged            ||    13
Block: Buckler           ||     8
